TOP OF THE 1ST |
Springfield Simpsons batting - Pitching for Butler White Sox : LHP Domingo Morales
|
Pitching: LHP Domingo Morales
|
|
Batting: RHB António López
|
0-0: Ball 1-0: Called Strike 1-1: Ball 2-1: Foul Ball, location: 2F 2-2: Foul Ball, location: 2F 2-2: Ball 3-2: Base on Balls
|
Batting: RHB Tomás Galindo
|
0-0: Ball 1-0: Swinging Strike 1-1: Ball 2-1: Ball 3-1: Fielders Choice at 2nd, 6-4 (Groundball, 56)
|
Batting: RHB Ángel Garza
|
0-0: Ball 1-0: Called Strike 1-1: Reached on error, E5 (Groundball, 56) Tomás Galindo to second
|
Batting: RHB Marcos Castillo
|
0-0: Ball Tomás Galindo steals 3rd base Ángel Garza to second 1-0: Called Strike 1-1: Ball 2-1: Ball 3-1: Base on Balls
|
Batting: SHB Dave Lee
|
0-0: Ball 1-0: Fly out, F8 (Flyball, 8LXD) Runner from 3rd tags up, SCORES, no throw Ángel Garza to third
|
Batting: RHB Manny Ramírez
|
0-0: Ground out 6-3 (Groundball, 6)
|
Top of the 1st over - 1 run(s), 0 hit(s), 1 error(s), 2 left on base; Springfield 1 - Butler 0 |
BOTTOM OF THE 1ST |
Butler White Sox batting - Pitching for Springfield Simpsons : RHP Mark Anderson
|
Pitching: RHP Mark Anderson
|
|
Batting: RHB Luis Ramos
|
0-0: Swinging Strike 0-1: Fly out, F9 (Flyball, 89XD)
|
Batting: RHB Rodney González
|
0-0: Foul Ball, location: 2F 0-1: Ground out 6-3 (Groundball, 6M)
|
Batting: LHB Mark Everett
|
0-0: Foul Ball, location: 2F 0-1: Foul Ball, location: 2F 0-2: Fly out, F7 (Flyball, 7D)
|
Bottom of the 1st over - 0 run(s), 0 hit(s), 0 error(s), 0 left on base; Springfield 1 - Butler 0 |
TOP OF THE 2ND |
Springfield Simpsons batting - Pitching for Butler White Sox : LHP Domingo Morales
|
Batting: SHB José Cruz
|
0-0: Foul Ball, location: 2F 0-1: Ball 1-1: Ball 2-1: Ball 3-1: Foul Ball, location: 2F 3-2: Base on Balls
|
Batting: SHB Edgardo Osorio
|
0-0: Called Strike 0-1: Ball 1-1: Foul Ball, location: 2F 1-2: Ball 2-2: Strikes out looking
|
Batting: RHB Jeff Lloyd
|
0-0: Foul Ball, location: 2F 0-1: Ball 1-1: Ball 2-1: Foul Ball, location: 2F 2-2: Ball José Cruz steals 2nd base 3-2: Fly out, F9 (Line Drive, 9M)
|
Batting: RHB António López
|
0-0: Called Strike 0-1: Ball 1-1: Ball 2-1: Called Strike 2-2: Strikes out swinging
|
Top of the 2nd over - 0 run(s), 0 hit(s), 0 error(s), 1 left on base; Springfield 1 - Butler 0 |
BOTTOM OF THE 2ND |
Butler White Sox batting - Pitching for Springfield Simpsons : RHP Mark Anderson
|
Batting: LHB Jesús González
|
0-0: Ball 1-0: Ball 2-0: Ground out 6-3 (Groundball, 6)
|
Batting: LHB Pat Weaver
|
0-0: Foul Ball, location: 2F 0-1: Foul Ball, location: 2F 0-2: Ground out 3-1 (Groundball, 34)
|
Batting: RHB Evan Robinson
|
0-0: Called Strike 0-1: Ball 1-1: Foul Ball, location: 2F 1-2: Fly out, F6 (Popup, 78S)
|
Bottom of the 2nd over - 0 run(s), 0 hit(s), 0 error(s), 0 left on base; Springfield 1 - Butler 0 |
TOP OF THE 3RD |
Springfield Simpsons batting - Pitching for Butler White Sox : LHP Domingo Morales
|
Batting: RHB Tomás Galindo
|
0-0: Ball 1-0: Called Strike 1-1: Ball 2-1: Fly out, F6 (Line Drive, 6M)
|
Batting: RHB Ángel Garza
|
0-0: Called Strike 0-1: Ball 1-1: Foul Ball, location: 2F 1-2: Strikes out swinging
|
Batting: RHB Marcos Castillo
|
0-0: Ball 1-0: Ball 2-0: Ball 3-0: Base on Balls
|
Batting: SHB Dave Lee
|
0-0: Ball 1-0: Ball 2-0: Ball 3-0: Called Strike 3-1: Base on Balls Marcos Castillo to second
|
Batting: RHB Manny Ramírez
|
0-0: Foul Ball, location: 2F 0-1: Ball 1-1: Foul Ball, location: 2F 1-2: Strikes out looking
|
Top of the 3rd over - 0 run(s), 0 hit(s), 0 error(s), 2 left on base; Springfield 1 - Butler 0 |
BOTTOM OF THE 3RD |
Butler White Sox batting - Pitching for Springfield Simpsons : RHP Mark Anderson
|
Batting: LHB Sean Perkins
|
0-0: Ball 1-0: Ball 2-0: Foul Ball, location: 2F 2-1: Called Strike 2-2: Strikes out swinging
|
Batting: RHB Adam Justice
|
0-0: Foul Ball, location: 2F 0-1: Ground out 2-3 (Groundball, 25)
|
Batting: RHB Shintaro Kokawa
|
0-0: Called Strike 0-1: Ball 1-1: Ball 2-1: Ball 3-1: SINGLE (Flyball, 34D)
|
Batting: RHB Luis Ramos
|
0-0: Called Strike 0-1: Called Strike Shintaro Kokawa steals 2nd base 0-2: Ball 1-2: Foul Ball, location: 2F 1-2: Ball 2-2: Ball 3-2: Reached on error, E4 (Groundball, 4S) Shintaro Kokawa scores
|
Batting: RHB Rodney González
|
0-0: Ground out 3-1 (Groundball, 34)
|
Bottom of the 3rd over - 1 run(s), 1 hit(s), 1 error(s), 1 left on base; Springfield 1 - Butler 1 |
TOP OF THE 4TH |
Springfield Simpsons batting - Pitching for Butler White Sox : LHP Domingo Morales
|
Batting: SHB José Cruz
|
0-0: Ball 1-0: Called Strike 1-1: Ball 2-1: Foul Ball, location: 2F 2-2: Foul Ball, location: 2F 2-2: Ground out 5-3 (Groundball, 56)
|
Batting: SHB Edgardo Osorio
|
0-0: Ball 1-0: Foul Ball, location: 2F 1-1: Ball 2-1: Foul Ball, location: 2F 2-2: Strikes out swinging
|
Batting: RHB Jeff Lloyd
|
0-0: Called Strike 0-1: Ball 1-1: Swinging Strike 1-2: Ball 2-2: Ball 3-2: Foul Ball, location: 2F 3-2: Foul Ball, location: 2F 3-2: DOUBLE (Line Drive, 78XD)
|
Batting: RHB António López
|
0-0: Called Strike 0-1: DOUBLE (Line Drive, 7LM) Jeff Lloyd scores
|
Batting: RHB Tomás Galindo
|
0-0: Ball 1-0: Ball 2-0: Foul Ball, location: 2F 2-1: Ball 3-1: Base on Balls
|
Pitching: RHP Chad Payne
|
|
Batting: RHB Ángel Garza
|
0-0: Ball 1-0: Fly out, F2 (Popup, 2RF)
|
Top of the 4th over - 1 run(s), 2 hit(s), 0 error(s), 2 left on base; Springfield 2 - Butler 1 |
BOTTOM OF THE 4TH |
Butler White Sox batting - Pitching for Springfield Simpsons : RHP Mark Anderson
|
Batting: LHB Mark Everett
|
0-0: Ball 1-0: Ball 2-0: Fly out, F9 (Flyball, 9M)
|
Batting: LHB Jesús González
|
0-0: Ball 1-0: Called Strike 1-1: Ground out 4-3 (Groundball, 4)
|
Batting: LHB Pat Weaver
|
0-0: Ball 1-0: Ball 2-0: Ball 3-0: Base on Balls
|
Batting: RHB Evan Robinson
|
0-0: Called Strike Pat Weaver is caught stealing 2nd base
|
Bottom of the 4th over - 0 run(s), 0 hit(s), 0 error(s), 0 left on base; Springfield 2 - Butler 1 |
TOP OF THE 5TH |
Springfield Simpsons batting - Pitching for Butler White Sox : RHP Chad Payne
|
Batting: RHB Marcos Castillo
|
0-0: Ball 1-0: Foul Ball, location: 2F 1-1: Ball 2-1: Ball 3-1: Base on Balls
|
Batting: SHB Dave Lee
|
0-0: Ball 1-0: Ball 2-0: Ball 3-0: Called Strike 3-1: Called Strike 3-2: Base on Balls Marcos Castillo to second
|
Batting: RHB Manny Ramírez
|
0-0: Ball 1-0: Ball 2-0: Foul Ball, location: 2F 2-1: Ball 3-1: Base on Balls Marcos Castillo to third Dave Lee to second
|
Batting: SHB José Cruz
|
0-0: Called Strike 0-1: Ball 1-1: Ball 2-1: Grounds into fielders choice 4-2 (Groundball, 13) Dave Lee to third Manny Ramírez to second
|
Batting: SHB Edgardo Osorio
|
0-0: Called Strike 0-1: Ball 1-1: Foul Ball, location: 2F 1-2: Strikes out swinging
|
Pitching: RHP Chris Arnold
|
|
Batting: RHB Jeff Lloyd
|
0-0: Ball 1-0: Ball 2-0: Called Strike 2-1: Ball 3-1: Called Strike 3-2: Foul Ball, location: 2F 3-2: Strikes out swinging
|
Top of the 5th over - 0 run(s), 0 hit(s), 0 error(s), 3 left on base; Springfield 2 - Butler 1 |
BOTTOM OF THE 5TH |
Butler White Sox batting - Pitching for Springfield Simpsons : RHP Mark Anderson
|
Batting: RHB Evan Robinson
|
0-0: Foul Ball, location: 2F 0-1: Foul Ball, location: 2F 0-2: Strikes out swinging
|
Batting: LHB Sean Perkins
|
0-0: Called Strike 0-1: Ball 1-1: Foul Ball, location: 2F 1-2: Foul Ball, location: 2F 1-2: Foul Ball, location: 2F 1-2: Ground out 6-3 (Groundball, 6)
|
Batting: RHB Adam Justice
|
0-0: Ball 1-0: Called Strike 1-1: Called Strike 1-2: Ball 2-2: Ball 3-2: Base on Balls
|
Batting: RHB Shintaro Kokawa
|
0-0: Ball 1-0: Foul Ball, location: 2F 1-1: Ball 2-1: Swinging Strike 2-2: Ball 3-2: Foul Ball, location: 2F 3-2: Base on Balls Adam Justice to second
|
Batting: RHB Luis Ramos
|
0-0: Ball 1-0: Fly out, F2 (Popup, 2RF)
|
Bottom of the 5th over - 0 run(s), 0 hit(s), 0 error(s), 2 left on base; Springfield 2 - Butler 1 |
TOP OF THE 6TH |
Springfield Simpsons batting - Pitching for Butler White Sox : RHP Chris Arnold
|
Batting: RHB António López
|
0-0: Called Strike 0-1: Ball 1-1: Ball 2-1: Swinging Strike 2-2: Ball 3-2: Strikes out swinging
|
Batting: RHB Tomás Galindo
|
0-0: Swinging Strike 0-1: Called Strike 0-2: Ball 1-2: Ball 2-2: Strikes out looking
|
Batting: RHB Ángel Garza
|
0-0: Called Strike 0-1: Ball 1-1: Ball 2-1: Ball 3-1: Foul Ball, location: 2F 3-2: Strikes out swinging
|
Top of the 6th over - 0 run(s), 0 hit(s), 0 error(s), 0 left on base; Springfield 2 - Butler 1 |
BOTTOM OF THE 6TH |
Butler White Sox batting - Pitching for Springfield Simpsons : RHP Mark Anderson
|
Batting: RHB Rodney González
|
0-0: SINGLE (Flyball, 78S)
|
Batting: LHB Mark Everett
|
0-0: Called Strike Rodney González steals 2nd base 0-1: Swinging Strike 0-2: Ball 1-2: Ground out 1-3 (Groundball, 13) Rodney González to third
|
Batting: LHB Jesús González
|
0-0: Fly out, F2 (Popup, 2LF)
|
Batting: LHB Pat Weaver
|
0-0: Ball 1-0: Ball 2-0: Ground out 4-3 (Groundball, 4)
|
Bottom of the 6th over - 0 run(s), 1 hit(s), 0 error(s), 1 left on base; Springfield 2 - Butler 1 |
TOP OF THE 7TH |
Springfield Simpsons batting - Pitching for Butler White Sox : RHP Chris Arnold
|
Batting: RHB Marcos Castillo
|
0-0: Ball 1-0: Swinging Strike 1-1: Ball 2-1: Called Strike 2-2: Strikes out swinging
|
Batting: SHB Dave Lee
|
0-0: Ball 1-0: Ball 2-0: TRIPLE (Line Drive, 7LM)
|
Batting: RHB Manny Ramírez
|
0-0: Ball 1-0: DOUBLE (Flyball, 8LXD) Dave Lee scores
|
Batting: SHB José Cruz
|
0-0: Ball Manny Ramírez steals 3rd base 1-0: Foul Ball, location: 2F 1-1: Ball 2-1: SINGLE (Groundball, 6MD) (infield hit) Manny Ramírez scores
|
Batting: SHB Edgardo Osorio
|
0-0: Called Strike 0-1: Ball 1-1: Ball 2-1: Ball José Cruz steals 2nd base 3-1: Intentional Walk
|
Pitching: RHP Wilson Martínez
|
|
Batting: RHB Jeff Lloyd
|
0-0: Foul Ball, location: 2F 0-1: Swinging Strike 0-2: Ball 1-2: Fly out, F9 (Flyball, 89XD) Runner from 2nd tags up, SAFE at 3rd, no throw
|
Batting: RHB António López
|
0-0: Ball 1-0: Ball 2-0: Ball 3-0: Called Strike 3-1: Foul Ball, location: 2F 3-2: Ground out 5-3 (Groundball, 5)
|
Top of the 7th over - 2 run(s), 3 hit(s), 0 error(s), 2 left on base; Springfield 4 - Butler 1 |
BOTTOM OF THE 7TH |
Butler White Sox batting - Pitching for Springfield Simpsons : RHP Mark Anderson
|
Batting: RHB Evan Robinson
|
0-0: Swinging Strike 0-1: Ball 1-1: Ball 2-1: Ball 3-1: Base on Balls
|
Batting: LHB Sean Perkins
|
0-0: Ball 1-0: Ball 2-0: Called Strike 2-1: Ball 3-1: Base on Balls Evan Robinson to second
|
Pitching: LHP Alberto Martínez
|
|
Batting: RHB Adam Justice
|
0-0: Fly out, F9 (Flyball, 9M)
|
Batting: RHB Shintaro Kokawa
|
0-0: Foul Ball, location: 2F 0-1: Swinging Strike 0-2: Ball Wild Pitch! Evan Robinson to third Sean Perkins to second 1-2: Ball 2-2: DOUBLE (Flyball, 8RXD) Evan Robinson scores Sean Perkins scores
|
Pinch Hitting: RHB Luis Alou
|
0-0: Swinging Strike 0-1: Ball 1-1: SINGLE (Groundball, 6MD) Shintaro Kokawa to third Runner from 3rd tries for Home, SAFE, throw made home
|
Batting: RHB Rodney González
|
0-0: Called Strike 0-1: Ball 1-1: Foul Ball, location: 2F 1-2: Ball 2-2: Fly out, F8 (Flyball, 78XD)
|
Batting: LHB Mark Everett
|
0-0: Ball 1-0: Ball 2-0: Called Strike 2-1: Foul Ball, location: 2F Pickoff Throw to First - Error! E1 Luis Alou to second 2-2: Ball 3-2: Base on Balls
|
Batting: LHB Jesús González
|
0-0: Fielders Choice at 2nd, U6 (Groundball, 6M)
|
Bottom of the 7th over - 3 run(s), 2 hit(s), 1 error(s), 2 left on base; Springfield 4 - Butler 4 |
TOP OF THE 8TH |
Springfield Simpsons batting - Pitching for Butler White Sox : RHP Wilson Martínez
|
Now in CF: José Darias
|
|
Pinch Hitting: RHB Brant Sherman
|
0-0: Ball 1-0: Swinging Strike 1-1: Foul Ball, location: 2F 1-2: Foul Ball, location: 2F 1-2: Ball 2-2: Foul Ball, location: 2F 2-2: Ball 3-2: Base on Balls
|
Batting: RHB Ángel Garza
|
0-0: Ball Brant Sherman is caught stealing 2nd base 1-0: Ball 2-0: Foul Ball, location: 2F 2-1: Foul Ball, location: 2F 2-2: Foul Ball, location: 2F 2-2: Foul Ball, location: 2F 2-2: Foul Ball, location: 2F 2-2: Foul Ball, location: 2F 2-2: Strikes out swinging
|
Batting: RHB Marcos Castillo
|
0-0: Ball 1-0: Swinging Strike 1-1: Ball 2-1: Fly out, F6 (Popup, 6D)
|
Top of the 8th over - 0 run(s), 0 hit(s), 0 error(s), 0 left on base; Springfield 4 - Butler 4 |
BOTTOM OF THE 8TH |
Butler White Sox batting - Pitching for Springfield Simpsons : LHP Alberto Martínez
|
Now in LF: Brant Sherman
|
|
Batting: LHB Pat Weaver
|
0-0: Ball 1-0: Ground out 3-1 (Groundball, 3L)
|
Batting: RHB Evan Robinson
|
0-0: Ball 1-0: Foul Ball, location: 2F 1-1: Ball 2-1: Called Strike 2-2: SINGLE (Line Drive, 56)
|
Pinch Hitting: RHB Tom Lang
|
0-0: Ball 1-0: Ball 2-0: Ball 3-0: Foul Ball, location: 2F 3-1: SINGLE (Groundball, 34) Evan Robinson to second
|
Batting: RHB Adam Justice
|
0-0: Called Strike 0-1: Ball 1-1: Foul Ball, location: 2F 1-2: Foul Ball, location: 2F 1-2: Ground out 3-1 (Groundball, 34S) Evan Robinson to third Tom Lang to second
|
Batting: RHB Shintaro Kokawa
|
0-0: Ball 1-0: Foul Ball, location: 2F 1-1: Fly out, F4 (Popup, 34)
|
Bottom of the 8th over - 0 run(s), 2 hit(s), 0 error(s), 2 left on base; Springfield 4 - Butler 4 |
TOP OF THE 9TH |
Springfield Simpsons batting - Pitching for Butler White Sox : RHP Wilson Martínez
|
Pitching: LHP David Richardson
|
|
Now in RF: Félix Fernández
|
|
Batting: SHB Dave Lee
|
0-0: Ball 1-0: Ball 2-0: SINGLE (Line Drive, 9S)
|
Pinch Runner at 1st Bob Noble:
|
|
Batting: RHB Manny Ramírez
|
0-0: Sac Bunt - play at first, batter OUT! 6-4 Bob Noble to second
|
Batting: SHB José Cruz
|
0-0: Called Strike 0-1: Foul Ball, location: 2F 0-2: Strikes out swinging
|
Batting: SHB Edgardo Osorio
|
0-0: Ball 1-0: Ball 2-0: Swinging Strike 2-1: Foul Ball, location: 2F 2-2: Ball 3-2: Base on Balls
|
Batting: RHB Jeff Lloyd
|
0-0: Called Strike 0-1: Called Strike 0-2: Ball 1-2: Strikes out looking
|
Top of the 9th over - 0 run(s), 1 hit(s), 0 error(s), 2 left on base; Springfield 4 - Butler 4 |
BOTTOM OF THE 9TH |
Butler White Sox batting - Pitching for Springfield Simpsons : LHP Alberto Martínez
|
Pitching: RHP Ramón Sánchez
|
|
Now in RF: Bob Noble
|
|
Pinch Hitting: SHB Keith Shaffer
|
0-0: Fly out, F8 (Flyball, 8RD)
|
Batting: RHB Rodney González
|
0-0: Ball 1-0: Ball 2-0: Called Strike 2-1: Ball 3-1: Fly out, F9 (Flyball, 9S)
|
Batting: LHB Mark Everett
|
0-0: Swinging Strike 0-1: Ball 1-1: Ball 2-1: Ball 3-1: Called Strike 3-2: Foul Ball, location: 2F 3-2: Foul Ball, location: 2F 3-2: Base on Balls
|
Batting: LHB Jesús González
|
0-0: Called Strike 0-1: Ball 1-1: Ground out 6-3 (Groundball, 56)
|
Bottom of the 9th over - 0 run(s), 0 hit(s), 0 error(s), 1 left on base; Springfield 4 - Butler 4 |
TOP OF THE 10TH |
Springfield Simpsons batting - Pitching for Butler White Sox : LHP David Richardson
|
Now in CF: Richard Bankhead
|
|
Batting: RHB António López
|
0-0: Called Strike 0-1: Fly out, F8 (Flyball, 8RM)
|
Batting: RHB Brant Sherman
|
0-0: Ball 1-0: Foul Ball, location: 2F 1-1: Ball 2-1: Called Strike 2-2: Strikes out swinging
|
Batting: RHB Ángel Garza
|
0-0: Called Strike 0-1: Swinging Strike 0-2: Ball 1-2: SOLO HOME RUN (Line Drive, 78XD), Distance : 387 ft
|
Batting: RHB Marcos Castillo
|
0-0: Swinging Strike 0-1: Fly out, F3 (Popup, 3DF)
|
Top of the 10th over - 1 run(s), 1 hit(s), 0 error(s), 0 left on base; Springfield 5 - Butler 4 |
BOTTOM OF THE 10TH |
Butler White Sox batting - Pitching for Springfield Simpsons : RHP Ramón Sánchez
|
Pitching: LHP Rubén Rico
|
|
Now at C: Kawanari Hara
|
|
Batting: LHB Pat Weaver
|
0-0: Swinging Strike 0-1: Ground out 6-3 (Groundball, 6)
|
Batting: RHB Evan Robinson
|
0-0: SINGLE (Groundball, 56D)
|
Pinch Hitting: RHB Juan Reyes
|
0-0: Foul Ball, location: 2F 0-1: Ball 1-1: Ball 2-1: Ball 3-1: Base on Balls Evan Robinson to second
|
Batting: RHB Adam Justice
|
0-0: Ball 1-0: Called Strike 1-1: Called Strike 1-2: SINGLE (Flyball, 6MD) Evan Robinson to third Juan Reyes to second Runner from 3rd tries for Home, SAFE, throw made home
|
Batting: RHB Shintaro Kokawa
|
0-0: Grounds into double play, 6-4-3 (Groundball, 6)
|
Bottom of the 10th over - 1 run(s), 2 hit(s), 0 error(s), 1 left on base; Springfield 5 - Butler 5 |
TOP OF THE 11TH |
Springfield Simpsons batting - Pitching for Butler White Sox : LHP David Richardson
|
Pitching: LHP Pedro Guerra
|
|
Now in RF: Pedro Martínez
|
|
Pinch Hitting: SHB Kevin Vickers
|
0-0: Ball 1-0: Fly out, F7 (Flyball, 7LMF)
|
Batting: RHB Manny Ramírez
|
0-0: Swinging Strike 0-1: Foul Ball, location: 2F 0-2: Ball 1-2: Ball 2-2: Strikes out swinging
|
Batting: SHB José Cruz
|
0-0: Ball 1-0: Called Strike 1-1: Ball 2-1: Foul Ball, location: 2F 2-2: Ball 3-2: Base on Balls
|
Batting: SHB Edgardo Osorio
|
0-0: Ball José Cruz is caught stealing 2nd base
|
Top of the 11th over - 0 run(s), 0 hit(s), 0 error(s), 0 left on base; Springfield 5 - Butler 5 |
|